cohdb
Replays
Latest Replays
All Replays
Popular Replays
Top Player Replays
Match Explorer
How It Works
Community
CoH3 Stats
Reddit
Sign in to upload your games and track your stats! →
Sign in with Steam
Match 44790257
Unlisted
Match 44790257
Overview
Messages
Build Orders
End
Selects Armored Battlegroup
Selects Assault Engineers
Assault Engineer Squad
Construct Weapon Support Center
M1919 Machine Gun Team
Bazooka Squad
Assault Engineer Squad
Air Support Center
Construct Motor Pool
Construct Medical Station
M8 Greyhound Armored Car
M8 Greyhound Armored Car
P-47 Strafing Run
M8 Greyhound Armored Car
Selects M31 Recovery Vehicle
Selects Fast Deploy
Selects M8 Scott SPG
= CLM = general_juin
Brasso
RoCk[A] !!
Ashuin
Fupped
Michael Bolton
0
0
Comments
sign in to comment!
No comments posted yet!